 Dungeon Crawl Stone Soup version 0.26-a0-812-g31a745ddcd (webtiles) character file.

Game seed: 1373431986728852255

24 Notrik the Shield-Bearer (level 3, -2/30 HPs)
             Began as a Formicid Fighter on Nov 13, 2020.
             Slain by a gnoll
             ... wielding a +0 spear
              (9 damage)
             ... on level 2 of the Dungeon.
             The game lasted 00:00:59 (675 turns).

Notrik the Shield-Bearer (Formicid Fighter)          Turns: 675, Time: 00:01:00

Health: -2/30      AC:  6    Str: 21    XL:     3   Next: 15%
Magic:  3/3        EV:  8    Int:  7    God:
Gold:   42         SH:  9    Dex: 10    Spells: 2/2 levels left

rFire    . . .     SeeInvis +   a - +0 war axe
rCold    . . .     Faith    .   c - +0 kite shield
rNeg     . . .     Spirit   .   b - +0 scale mail
rPois    .         Reflect  .   (helmet unavailable)
rElec    .         Harm     .   (no cloak)
rCorr    .         Rampage  .   (no gloves)
MR       .....                  (no boots)
Stlth    ..........             (no amulet)
HPRegen  0.10/turn              (no ring)
MPRegen  0.08/turn              (no ring)

@: no status effects
A: permanent stasis, dig shafts and tunnels, four strong arms, antennae 3
a: Dig, Shaft Self


You were on level 2 of the Dungeon.
You visited 1 branch of the dungeon, and saw 2 of its levels.

You collected 42 gold pieces.

Inventory:

Hand Weapons
 a - a +0 war axe (weapon)
Armour
 b - a +0 scale mail (worn)
 c - a +0 kite shield (worn)
Jewellery
 k - an uncursed ring of flight {unknown}
   (You found it on level 1 of the Dungeon)
Scrolls
 e - a scroll of magic mapping {unknown}
 f - a scroll of identify {unknown}
 h - a scroll of amnesia {unknown}
 i - 3 scrolls of teleportation {unknown}
 j - 2 scrolls of enchant weapon {unknown}
Potions
 d - a potion of might
 g - a potion of invisibility {unknown}


   Skills:
 * Level 3.9 Fighting
 - Level 2.0 Axes
 + Level 3.6 Armour
 + Level 4.0 Shields


You had 2 spell levels left.
You didn't know any spells.
Your spell library was empty.

Dungeon Overview and Level Annotations

Branches:
Dungeon (2/15)

Altars:

Annotations:
D:2 Terence


Innate Abilities, Weirdness & Mutations

You cannot be hasted, slowed, berserked, paralysed or teleported.
You can dig through walls and to a lower floor.
Your four strong arms can wield two-handed weapons with a shield.
You have a pair of large antennae on your head. (SInv)


Message History

You closely miss Terence. You hit the gnoll.
A leopard gecko comes into view.
Terence hits you with a +4 mace of holy wrath.
You block the gnoll's attack. Terence misses you.
The leopard gecko hisses angrily.
You slash the gnoll! You hit Terence but do no damage.
The gnoll hits you but does no damage. Terence barely misses you.
You hit the gnoll but do no damage. You hit Terence but do no damage.
The gnoll hits you with a +0 whip.
A gnoll comes into view. It is wielding a +0 club.
You block Terence's attack. You block the gnoll's attack.
The gnoll hits you but does no damage.
The gnoll moves out of view.
You don't know any spells.
You don't know any spells.
You don't know any spells.
Unknown command.
You don't know any spells.
You don't know any spells.
Unknown command.
You don't know any spells.
Your shield and scale mail prevent you from hitting Terence.
You hit the gnoll.
A gnoll comes into view.
You block Terence's attack. You block the gnoll's attack.
The gnoll barely misses you.
The gnoll moves out of view.
You closely miss Terence.
The gnoll shouts!
You slash the gnoll!
You kill the gnoll!
Your Shields skill increases to level 4!
You have reached level 3!
Your experience leads to an increase in your attributes!
Increase (S)trength, (I)ntelligence, or (D)exterity?
You feel stronger. You block the gnoll's attack.
Terence hits you with a +4 mace of holy wrath.
The gnoll hits you from afar with a +0 spear.
You hit Terence. Terence completely misses you.
The gnoll hits you from afar with a +0 spear.
* * * LOW HITPOINT WARNING * * *
Terence barely misses you.
You hit Terence. The gnoll hits you but does no damage.
Terence hits you with a +4 mace of holy wrath.
* * * LOW HITPOINT WARNING * * *
The gnoll closely misses you.
You completely miss Terence. You slash the leopard gecko!
You kill the leopard gecko!
Terence closely misses you.
The gnoll hits you from afar with a +0 spear!
You die...

.♣♣ ♣♣.♣♣
. ♣...♣♣
.###
♣....♣ ...
#....# #..
##....#
#.##.#...#
#....#..##
#.#@##<##
#.@)##.#
#gg###.#
.... #.#
..#.# #.#
##.#. #.#
# .. #.#
..# #.#


You could see Terence and 2 gnolls.

Vanquished Creatures
  A gnoll (D:2)
  A leopard gecko (D:2)
  2 bats (D:1)
  A giant cockroach (D:1)
  3 goblins (D:1)
  2 hobgoblins (D:1)
  A kobold (D:1)
  2 rats (D:1)
13 creatures vanquished.

Notes
Turn   | Place    | Note
-------+----------+-------------------------------------------
     0 | D:1      | Notrik the Formicid Fighter began the quest for the Orb.
     0 | D:1      | Reached XP level 1. HP: 18/18 MP: 1/1
   253 | D:1      | Reached XP level 2. HP: 23/24 MP: 2/2
   662 | D:2      | Noticed Terence
   672 | D:2      | Reached skill level 4 in Shields
   672 | D:2      | Reached XP level 3. HP: 27/30 MP: 3/3
   675 | D:2      | Slain by a gnoll

Illustrated notes

Levels and vault maps discovered:
D:1:      lightli_arrival_quake, layout_loops_cross
D:2:      layout_rooms, lemuel_round_altar, lemuel_crystal_altar,
          gammafunk_temple_overflow_statue, lemuel_blue_sif_altar,
          minmay_misc_feat_rows, grunt_decor_junction, uniq_sigmund,
          uniq_crazy_yiuf_cottage, uniq_terence

Skill      XL: |  1  2 |
---------------+-------+-----
Shields        | 4 |  4.0
Fighting       | |  3.9
Axes           | |  2.0
Armour         | |  3.6

Action                   || total
-------------------------++-------
Melee: War axe           ||    47
Armor: Scale mail        ||    23
Dodge: Dodged            ||    18
Block: Kite shield       ||    35

Table legend: (Time is in decaauts)
 A = Elapsed time spent in this place.
 B = Non-inter-level travel time spent in this place.
 C = Inter-level travel time spent in this place.
 D = Time resting spent in this place.
 E = Time spent auto-exploring this place.
 F = Levels seen in this place.
 G = Mean time per level.
                   A        B        C        D        E       F      G
               +--------+--------+--------+--------+--------+-----+--------+
         Total |    695 |    660 |     35 |      0 |    541 |   2 |  347.5 |
       Dungeon |    695 |    660 |     35 |      0 |    541 |   2 |  347.5 |
               +--------+--------+--------+--------+--------+-----+--------+

Top non-repeatable levels by time:
     D:1: 671 daAuts
     D:2: 24 daAuts
